 Dungeon Crawl Stone Soup version 0.30-a0-368-g86fb4627a9 (webtiles) character file.

Game seed: 17356922454551882156

15372 arthad the Thaumaturge (level 12, -10/92 HPs)
             Began as a Gnoll Wanderer on Nov 19, 2022.
             Was an Initiate of Gozag.
             Mangled by a very large slime creature (52 damage)
             ... on level 11 of the Dungeon.
             The game lasted 01:01:26 (11959 turns).

arthad the Thaumaturge (Gnoll Wanderer)            Turns: 11959, Time: 01:01:26

Health: -10/92     AC: 10    Str:  8    XL:     12   Next: 26%
Magic:  18/25      EV: 17    Int: 20    God:    Gozag
Gold:   2922       SH:  0    Dex: 10    Spells: 16/29 levels left

rFire   + + .      SeeInvis .    a - +10 arbalest "Ymuto" {vorpal, rN+, a}
rCold   . . .      Faith    .    (shield currently unavailable)
rNeg    + . .      Spirit   .    t - +2 leather armour "Xomeczerch" {Rampage}
rPois   .          Reflect  .    A - +2 helmet of Good Intentions {rF++ Regen+ Str-3 Dex-2}
rElec   .          Harm     .    M - +0 cloak
rCorr   +          Rampage  +    (no gloves)
Will    +....                    (no boots)
Stlth   +++.......               (no amulet)
HPRegen 1.15/turn                X - ring of Xom's Wantonness {Will+ rCorr Str+3}
MPRegen 0.19/turn                V - +4 ring of evasion

@: no status effects
A: fangs 1, strong nose, distributed training
a: Renounce Religion, Potion Petition, Call Merchant, Bribe Branch


You were on level 11 of the Dungeon.
You worshipped Gozag.
Gozag was most pleased with you.
You visited 2 branches of the dungeon, and saw 13 of its levels.
You also visited: Ossuary and Gauntlet.

You collected 3383 gold pieces.
You paid 461 gold pieces to Gozag.

Inventory:

Hand Weapons
 a - the +10 arbalest "Ymuto" (weapon) {vorpal, rN+, a}
   (You found it on level 8 of the Dungeon)

   Any ammunition fired from it inflicts extra damage upon your enemies.
   rN:        It protects you from negative energy.
 b - the +10 dagger of the Lonely Friends {vorpal, Dex+3}
   (You found it on level 3 of the Dungeon)

   It inflicts extra damage upon your enemies.
   Dex:       It affects your dexterity (+3).
 o - a +1 whip of electrocution
 L - a +3 quarterstaff of chaos
Missiles
 j - 17 poisoned darts
 K - 9 boomerangs
 P - a throwing net
 Z - 4 silver javelins
Armour
 d - a +1 buckler
 t - the +2 leather armour "Xomeczerch" (worn) {Rampage}
   (You found it on level 3 of the Dungeon)

   Rampage:   It bestows one free step when moving towards enemies.
 A - the +2 helmet of Good Intentions (worn) {rF++ Regen+ Str-3 Dex-2}
   (You found it in a Gauntlet)

   Str:       It affects your strength (-3).
   Dex:       It affects your dexterity (-2).
   rF:        It greatly protects you from fire.
   Regen:     It increases your rate of health regeneration.
 M - a +0 cloak (worn)
 S - a +0 ring mail of fire resistance
Magical Staves
 u - a staff of earth
 W - a staff of death
Jewellery
 v - a ring of fire
 H - a +4 ring of protection
 I - a ring of see invisible
 O - a +6 ring of intelligence
 U - a ring of protection from fire
 V - a +4 ring of evasion (right hand)
 X - the ring of Xom's Wantonness (left hand) {Will+ rCorr Str+3}
   (You found it in a Gauntlet)

   [ring of resist corrosion]

   Str:       It affects your strength (+3).
   rCorr:     It protects you from acid and corrosion.
   Will:      It increases your willpower.
Wands
 c - a wand of polymorph (5)
 z - a wand of flame (6)
 F - a wand of acid (7)
 N - a wand of iceblast (9)
 R - a wand of digging (3)
Scrolls
 f - 3 scrolls of identify
 g - 4 scrolls of immolation
 i - 10 scrolls of teleportation
 k - a scroll of enchant armour
 n - 4 scrolls of enchant weapon
 r - 2 scrolls of fog
 y - 3 scrolls of vulnerability
 B - 2 scrolls of magic mapping
 C - a scroll of blinking
 E - a scroll of fear
 J - a scroll of silence
 Q - 2 scrolls of torment
Potions
 e - a potion of ambrosia
 h - 5 potions of curing
 l - 3 potions of flight
 m - 2 potions of brilliance
 p - a potion of berserk rage
 q - 3 potions of mutation
 s - a potion of invisibility
 w - 2 potions of attraction
 x - 3 potions of lignification
 D - a potion of haste
 G - a potion of might
 Y - a potion of heal wounds
Miscellaneous
 T - a box of beasts


   Skills:
 + Level 7.9 Fighting
 + Level 7.4 Short Blades
 + Level 7.4 Long Blades
 + Level 7.4 Axes
 + Level 7.4 Maces & Flails
 + Level 7.4 Polearms
 + Level 7.4 Staves
 + Level 7.4 Ranged Weapons
 + Level 7.4 Throwing
 + Level 7.4 Armour
 + Level 7.9 Dodging
 + Level 7.8 Stealth
 + Level 7.9 Shields
 + Level 7.4 Unarmed Combat
 + Level 9.0 Spellcasting
 + Level 6.1 Conjurations
 + Level 6.1 Hexes
 + Level 6.5 Summonings
 + Level 6.1 Necromancy
 + Level 8.3 Translocations
 + Level 6.1 Transmutations
 + Level 6.1 Fire Magic
 + Level 6.1 Ice Magic
 + Level 6.1 Air Magic
 + Level 6.1 Earth Magic
 + Level 6.1 Poison Magic
 + Level 8.1 Invocations
 + Level 7.4 Evocations


You had 16 spell levels left.
You knew the following spells:

 Your Spells              Type           Power      Damage    Failure   Level
a - Summon Small Mammal   Summ           100%       N/A       1%          1
b - Lesser Beckoning      Tloc           84%        N/A       1%          3
c - Call Canine Familiar  Summ           35%        N/A       2%          3
d - Kindle Blastsparks    Fire/Tloc/Air  72%        2d16      1%          3
e - Spider Form           Tmut/Pois      33%        N/A       2%          3

Your spell library contained the following spells:

 Spells                   Type           Power      Damage    Failure   Level
 Apportation              Tloc           84%        N/A       1%          1
 Necrotise                Necr           100%       1d9       1%          1
 Sting                    Tmut/Pois      100%       1d8       1%          1
 Cigotuvi's Dreadful Rot  Necr/Pois/Air  66%        N/A       1%          2
 Ensorcelled Hibernation  Hex/Ice        66%        N/A       1%          2
 Poisonous Vapours        Pois/Air       66%        N/A       1%          2
 Mephitic Cloud           Conj/Pois/Air  33%        N/A       2%          3
 Ozocubu's Armour         Ice            33%        N/A       2%          3
 Stone Arrow              Conj/Erth      66%        3d11      2%          3
 Vampiric Draining        Necr           33%        2d8       2%          3
 Iskenderun's Mystic Bla  Conj/Tloc      38%        2d9       5%          4
 Animate Armour           Summ/Erth      68%        N/A       8%          4
 Anguish                  Hex/Necr       16%        N/A       9%          4
 Fulminant Prism          Conj/Hex       16%        3d11      9%          4
 Olgreb's Toxic Radiance  Pois           33%        N/A       9%          4
 Petrify                  Tmut/Erth      33%        N/A       9%          4
 Summon Forest            Summ/Tloc      19%        N/A       14%         5
 Agony                    Necr           33%        N/A       24%         5
 Alistair's Intoxication  Tmut/Pois      22%        N/A       24%         5
 Lee's Rapid Deconstruct  Erth           16%        3d10*     24%         5
 Metabolic Englaciation   Hex/Ice        16%        N/A       24%         5
 Yara's Violent Unravell  Hex/Tmut       16%        3d8       24%         5
 Eringya's Noxious Bog    Tmut/Pois      16%        N/A       78%         6
 Statue Form              Tmut/Erth      22%        N/A       78%         6
 Summon Hydra             Summ           17%        N/A       99%         7
 Enfeeble                 Hex            16%        N/A       100%        7
 Ozocubu's Refrigeration  Ice            16%        4d11      100%        7
 Lehudib's Crystal Spear  Conj/Erth      16%        10d5      100%        8


Dungeon Overview and Level Annotations

Branches:
Dungeon (12/15)            Temple (1/1) D:4            Lair (0/5) D:8
    Orc (0/2) D:11        Ossuary (visited)         Gauntlet (visited)

Altars:
Ashenzari
Cheibriados
Dithmenos
Elyvilon
Fedhas
Gozag
Hepliaklqana
Kikubaaqudgha
Makhleb
Nemelex Xobeh
Okawaru
Qazlal
Ru
Sif Muna
Trog
Uskayaw
Vehumet
Wu Jian
Xom
Yredelemnul
Zin
The Shining One

Shops:
D:5 :

Annotations:
D:9 3 runed translucent doors, DeathPants's ghost, journeyman MiFi


Innate Abilities, Weirdness & Mutations

You have very sharp teeth.
Your uncanny sense of smell can sniff out nearby items.
Your experience applies equally to all skills.


Message History

Your wolf bites the slime creature!
The slime creature hits your wolf but does no damage.
Your wolf barely misses the slime creature.
There is an open door here.
Your wolf bites the slime creature.
The slime creature hits your wolf.
Your wolf dies!
Your wolf's corpse disappears in a puff of smoke!
Casting: Call Canine Familiar (mildly dangerous; 2% risk of failure)
Confirm with . or Enter, or press ? or * to list all spells.
The very large slime creature attacks as you move away!
The very large slime creature closely misses you.
The very large slime creature hits your wolf!!!
Your wolf dies!
Your wolf's corpse disappears in a puff of smoke!
Casting: Call Canine Familiar (mildly dangerous; 2% risk of failure)
Confirm with . or Enter, or press ? or * to list all spells.
The very large slime creature barely misses your hound.
Your hound bites the very large slime creature.
The slime creature hits your hound!
The very large slime creature barely misses your hound.
Your hound barely misses the very large slime creature.
The slime creature hits your hound!
Your hound dies!
Your hound's corpse disappears in a puff of smoke!
You are too injured to fight recklessly!
You are too injured to fight recklessly!
Fire: a) +10 arbalest "Ymuto" {vorpal, rN+, a}
Press: ? - help, Q - select action, (/) - cycle Shift-Dir - straight line, f/p - slime creature
Aim: a slime creature (black smoke, moderately wounded, 86% to hit)
You shoot a bolt. The bolt hits the slime creature!
The slime creature is severely wounded.
Fire: a) +10 arbalest "Ymuto" {vorpal, rN+, a}
Press: ? - help, Q - select action, (/) - cycle Shift-Dir - straight line, f/p - slime creature
Aim: a slime creature (heavily wounded, 86% to hit)
You shoot a bolt. The bolt hits the slime creature!
The slime creature is severely wounded.
The very large slime creature hits you!!!
Ouch! That really hurt!
You die...
Your body crumbles into a pile of gold.

#...>.#.......#).....
#.....#.......#......
#.....#<......#......
###'###.......#......
#.............#......
#.............'......
#.............#......
#...JJ.########......
#.).@..#.............
#.)....#.............
#......#.<......)....
#......#.............
##.....#.............
#.....#.............
#.....).............
#.....#.............
#.....#.............


You could see a very large slime creature and a slime creature.

Vanquished Creatures
  A minotaur (Gauntlet)
  A centaur warrior (D:8)
  A two-headed ogre (D:8)
  2 thrashing horrors (Gauntlet)
  An ugly thing (Gauntlet)
  2 cyclopes (D:11)
  An elephant (D:8)
  2 manticores (D:11)
  Maurice (D:11)
  A gargoyle (D:11)
  2 unseen horrors
  A troll (D:9)
  Grinder (D:5)
  2 shadows (D:11)
  13 yaks (D:10)
  2 basilisks (D:8)
  3 wyverns
  A wraith (D:11)
  2 acid dragons
  A swamp drake (D:11)
  2 sky beasts
  2 ice beasts (D:7)
  3 small abominations (Gauntlet)
  3 orc warriors
  2 ogres
  5 centaurs
  2 phantoms
  4 bullfrogs
  2 kobold brigands (D:9)
  3 scorpions
  4 gnoll sergeants
  3 wights (D:9)
  6 killer bees (D:11)
  2 howler monkeys
  An electric eel (D:7)
  A hound (D:5)
  2 jellies (D:7)
  9 orc priests
  Crazy Yiuf (D:7)
  5 iguanas
  10 orc wizards
  A nameless horror (D:4)
  5 mummies (Ossuary)
  3 adders
  19 gnolls
  A shadow imp (D:7)
  2 white imps (D:7)
  2 ufetubi
  3 worms
  3 dart slugs
  36 orcs
  5 ball pythons
  9 bats
  5 endoplasms
  A giant cockroach (D:1)
  A gnoll zombie (Ossuary)
  11 goblins
  8 hobgoblins
  2 jackals
  5 quokkas
  A frilled lizard (D:1)
  3 goblin zombies (Ossuary)
  16 kobolds
  3 kobold zombies (Ossuary)
  5 rats
263 creatures vanquished.

Vanquished Creatures (collateral kills)
  A great orb of eyes (Gauntlet)
  Sigmund (D:2)
  A phantom (D:3)
  A scorpion (D:5)
  A centaur zombie (Ossuary)
  4 gnolls
  2 adders
  2 worms (D:3)
  6 orcs
  A bat (D:1)
  An endoplasm (D:2)
  A giant cockroach (D:3)
  A jackal (D:1)
  A ball python (D:1)
  A frilled lizard (D:2)
  3 kobolds
28 creatures vanquished.

Vanquished Creatures (others)
  A fungus (D:8)
  20 plants
21 creatures vanquished.

Grand Total: 312 creatures vanquished

Notes
Turn   | Place    | Note
-------+----------+-------------------------------------------
     0 | D:1      | arthad the Gnoll Wanderer began the quest for the Orb.
     0 | D:1      | arthad set off with the following items: a +0 dagger, a
                  | potion of lignification, a +0 robe, a +0 buckler; and the
                  | following spells available to memorise: Apportation, Lesser
                  | Beckoning, Summon Small Mammal, Call Canine Familiar,
                  | Kindle Blastsparks.
     0 | D:1      | Reached XP level 1. HP: 17/17 MP: 6/6
     8 | D:1      | Learned a level 1 spell: Summon Small Mammal
   104 | D:1      | Reached XP level 2. HP: 9/23 MP: 2/7
   507 | D:1      | Reached skill level 5 in Spellcasting
   507 | D:1      | Reached XP level 3. HP: 28/28 MP: 7/9
   511 | D:1      | Learned a level 3 spell: Lesser Beckoning
   515 | D:1      | Learned a level 3 spell: Call Canine Familiar
   519 | D:1      | Learned a level 3 spell: Kindle Blastsparks
   628 | D:1      | Found a faded altar of an unknown god.
   680 | D:1      | You fall into a shaft and drop 1 floor!
   712 | D:2      | Reached skill level 1 in Invocations
  1156 | D:2      | Reached skill level 1 in Short Blades
  1156 | D:2      | Reached skill level 1 in Long Blades
  1156 | D:2      | Reached skill level 1 in Axes
  1156 | D:2      | Reached skill level 1 in Maces & Flails
  1156 | D:2      | Reached skill level 1 in Polearms
  1156 | D:2      | Reached skill level 1 in Staves
  1156 | D:2      | Reached skill level 1 in Ranged Weapons
  1156 | D:2      | Reached skill level 1 in Throwing
  1156 | D:2      | Reached skill level 1 in Armour
  1156 | D:2      | Reached skill level 1 in Unarmed Combat
  1156 | D:2      | Reached skill level 1 in Evocations
  1158 | D:2      | Noticed Sigmund
  1169 | D:2      | Killed Sigmund
  1170 | D:2      | Reached skill level 1 in Conjurations
  1170 | D:2      | Reached skill level 1 in Hexes
  1170 | D:2      | Reached skill level 1 in Necromancy
  1170 | D:2      | Reached skill level 1 in Transmutations
  1170 | D:2      | Reached skill level 1 in Fire Magic
  1170 | D:2      | Reached skill level 1 in Ice Magic
  1170 | D:2      | Reached skill level 1 in Air Magic
  1170 | D:2      | Reached skill level 1 in Earth Magic
  1170 | D:2      | Reached skill level 1 in Poison Magic
  1170 | D:2      | Reached XP level 4. HP: 32/35 MP: 6/11
  1170 | D:2      | Reached XP level 5. HP: 38/41 MP: 6/12
  1682 | D:2      | Reached XP level 6. HP: 20/47 MP: 13/13
  2135 | D:3      | Identified the +10 dagger of the Lonely Friends {vorpal,
                  | Dex+3}
  2284 | D:3      | Identified the +2 leather armour "Xomeczerch" {Rampage}
  2908 | D:4      | Found a staircase to the Ecumenical Temple.
  2951 | Temple   | Entered the Ecumenical Temple
  2956 | Temple   | Became a worshipper of Gozag Ym Sagoz the Greedy
  3089 | D:4      | Reached XP level 7. HP: 33/52 MP: 15/15
  3416 | D:4      | Found a blossoming altar of Fedhas.
  3529 | D:4      | Identified a scroll of acquirement
  3529 | D:4      | Acquired a Fen Folio
  3663 | D:4      | Found a sparkling altar of Nemelex Xobeh.
  3712 | D:5      | Entered Level 5 of the Dungeon
  3719 | D:5      | Found a shimmering altar of Xom.
  3720 | D:5      | Found an ancient bone altar of Kikubaaqudgha.
  3826 | D:5      | Found a sand-covered staircase.
  3831 | Ossuary  | Entered an ossuary
  3919 | Ossuary  | Reached XP level 8. HP: 60/60 MP: 13/16
  4151 | D:5      | Found a shimmering blue altar of Sif Muna.
  4165 | D:5      | Reached skill level 6 in Spellcasting
  4324 | D:5      | Noticed Grinder
  4346 | D:5      | Found a hazy altar of Hepliaklqana.
  4364 | D:5      | Learned a level 3 spell: Spider Form
  4537 | D:5      | Killed Grinder
  4604 | D:5      | Found Mocadoj's Book Emporium.
  5227 | D:6      | Found a broken altar of Ashenzari.
  5739 | D:6      | Found a radiant altar of Vehumet.
  5868 | D:7      | Reached XP level 9. HP: 59/66 MP: 18/18
  6153 | D:7      | Reached skill level 5 in Fighting
  6153 | D:7      | Reached skill level 5 in Dodging
  6153 | D:7      | Reached skill level 5 in Shields
  6341 | D:7      | Reached skill level 5 in Stealth
  6703 | D:7      | Found a snail-covered altar of Cheibriados.
  6710 | D:7      | Found a white marble altar of Elyvilon.
  6739 | D:7      | Found a runed translucent door.
  6740 | D:7      | Noticed Crazy Yiuf
  6894 | D:7      | Killed Crazy Yiuf
  6969 | D:8      | Reached skill level 5 in Invocations
  7071 | D:8      | Noticed a two-headed ogre
  7089 | D:8      | Killed a two-headed ogre
  7090 | D:8      | Reached skill level 7 in Spellcasting
  7362 | D:8      | Noticed a centaur warrior
  7368 | D:8      | Killed a centaur warrior
  7369 | D:8      | Reached skill level 5 in Short Blades
  7369 | D:8      | Reached skill level 5 in Long Blades
  7369 | D:8      | Reached skill level 5 in Axes
  7369 | D:8      | Reached skill level 5 in Maces & Flails
  7369 | D:8      | Reached skill level 5 in Polearms
  7369 | D:8      | Reached skill level 5 in Staves
  7369 | D:8      | Reached skill level 5 in Ranged Weapons
  7369 | D:8      | Reached skill level 5 in Throwing
  7369 | D:8      | Reached skill level 5 in Armour
  7369 | D:8      | Reached skill level 5 in Unarmed Combat
  7369 | D:8      | Reached skill level 5 in Evocations
  7369 | D:8      | Reached XP level 10. HP: 74/76 MP: 19/21
  7371 | D:8      | Identified the +10 arbalest "Ymuto" {vorpal, rN+}
  7499 | D:8      | Found a hide-covered altar of Uskayaw.
  7657 | D:8      | Found a basalt altar of Yredelemnul.
  7725 | D:8      | Noticed an elephant
  7742 | D:8      | Reached skill level 5 in Summonings
  7884 | D:8      | Killed an elephant
  7981 | D:8      | Found a staircase to the Lair.
  8836 | D:9      | Found a runed translucent gate.
  8837 | D:9      | Found a runed translucent gate.
  8838 | D:9      | Found a runed translucent gate.
  8839 | D:9      | Noticed DeathPants's ghost (journeyman MiFi)
  9361 | D:9      | Found an iron altar of Okawaru.
  9431 | D:10     | Entered Level 10 of the Dungeon
  9448 | D:10     | Noticed an unseen horror
  9450 | D:10     | Killed an unseen horror
  9451 | D:10     | Reached skill level 5 in Conjurations
  9451 | D:10     | Reached skill level 5 in Hexes
  9451 | D:10     | Reached skill level 5 in Necromancy
  9451 | D:10     | Reached skill level 5 in Transmutations
  9451 | D:10     | Reached skill level 5 in Fire Magic
  9451 | D:10     | Reached skill level 5 in Ice Magic
  9451 | D:10     | Reached skill level 5 in Air Magic
  9451 | D:10     | Reached skill level 5 in Earth Magic
  9451 | D:10     | Reached skill level 5 in Poison Magic
  9478 | D:10     | Reached XP level 11. HP: 83/83 MP: 22/22
  9492 | D:10     | Reached skill level 8 in Spellcasting
  9986 | D:10     | Found a glowing silver altar of Zin.
 10098 | D:11     | Noticed a boulder beetle
 10450 | D:11     | Found a gate leading to a gauntlet.
 10475 | Gauntlet | Entered a Gauntlet
 10475 | Gauntlet | Noticed a thrashing horror
 10475 | Gauntlet | Noticed a thrashing horror
 10475 | Gauntlet | Found a transporter.
 10475 | Gauntlet | Found a transporter.
 10475 | Gauntlet | Found a transporter.
 10481 | Gauntlet | Found a transporter.
 10484 | Gauntlet | Found a transporter.
 10489 | Gauntlet | Noticed a soul eater
 10491 | Gauntlet | Noticed a great orb of eyes
 10495 | Gauntlet | Found a transporter.
 10507 | Gauntlet | Noticed a white ugly thing
 10512 | Gauntlet | Found a transporter.
 10524 | Gauntlet | Noticed a minotaur
 10532 | Gauntlet | Found a transporter.
 10543 | Gauntlet | Found a transporter.
 10566 | Gauntlet | Found a transporter.
 10575 | Gauntlet | Found a transporter.
 10596 | Gauntlet | Found a transporter.
 10715 | Gauntlet | Killed a thrashing horror
 10744 | Gauntlet | Killed a thrashing horror
 10759 | Gauntlet | Identified the ring of Xom's Wantonness {Will+ rCorr Str+3}
 10958 | Gauntlet | Killed a white ugly thing
 10971 | Gauntlet | Killed a great orb of eyes
 10998 | Gauntlet | Identified the +2 helmet of Good Intentions {rF++ Regen+
                  | Str-3 Dex-2}
 11013 | Gauntlet | HP: 2/84 [minotaur/silver javelin (10)]
 11026 | Gauntlet | Killed a minotaur
 11262 | D:11     | Acquired 655 gold pieces
 11408 | D:11     | Noticed a manticore
 11412 | D:11     | Killed a manticore
 11420 | D:11     | Noticed Maurice
 11424 | D:11     | Killed Maurice
 11425 | D:11     | Reached XP level 12. HP: 84/91 MP: 24/24
 11774 | D:11     | Reached skill level 9 in Spellcasting
 11827 | D:11     | Found a staircase to the Orcish Mines.
 11959 | D:11     | Mangled by a very large slime creature

Illustrated notes

Levels and vault maps discovered:
D:1:      dpeg_arrival_concentric_ovals, layout_rooms, basic_ecumenical_altar
D:2:      layout_basic, uniq_sigmund
D:3:      layout_rooms
D:4:      layout_loops_corners, nemelex_dance_club_becter, pf_just_have_faith,
          minmay_temple_entry_waves, kennysheep_generic_room_8
D:5:      layout_basic, mainiacjoe_overflow_paths, kennysheep_mini_moat,
          jmf_multi_god_temple, serial_shops, nicolae_lakefront_shop,
          nicolae_ossuary_entry_plus, uniq_grinder
D:6:      layout_loops_ring, kennysheep_mini, ashenzari_conservatory_becter
D:7:      wad_river_or_something, layout_basic, mainiacjoe_overflow_big_doors,
          uniq_crazy_yiuf_cottage
D:8:      layout_loops_corners, eat_drink_and_be_merry_uskayaw,
          nicolae_overflow_hidden_temple, david_lair_generic, minmay_radiant
D:9:      layout_basic, okawaru_altar_gauntlet_db, ebering_ghost_rock_garden,
          minmay_misc_feat_nine_boxes, dreamdust_wishing_well
D:10:     layout_roguey, mainiacjoe_overflow_tiny_flanked,
          mrwooster_statue_mirror
D:11:     layout_gridville, erik_orc_1, gauntlet_entry_generic, uniq_maurice
D:12:     layout_loops_ring, serial_aquarium, aquarium_bridge_square
          [aquarium_subvault_bridge, aquarium_subvault_balcony,
          aquarium_subvault_wall, aquarium_subvault_wall], aquarium_window_fake,
          aquarium_window_fake, aquarium_window_3, aquarium_window_2,
          aquarium_view_2e, aquarium_view_2a, aquarium_balcony_3b,
          lemuel_flame_loot_1, uniq_kirke
Temple:   hellmonk_temple_micro_hex

Skill      XL: |  1  2  3  4  5  6  7  8  9 10 11 12 |
---------------+-------------------------------------+-----
Summonings     | 2 3 4 5 6 |  6.5
Spellcasting   | 5 6 7 8 9 |  9.0
Invocations    | 1 2 3 4 5 6 7 8 |  8.1
Short Blades   | 1 2 3 5 6 7 |  7.4
Long Blades    | 1 2 3 5 6 7 |  7.4
Axes           | 1 2 3 5 6 7 |  7.4
Maces & Flails | 1 2 3 5 6 7 |  7.4
Polearms       | 1 2 3 5 6 7 |  7.4
Staves         | 1 2 3 5 6 7 |  7.4
Ranged Weapons | 1 2 3 5 6 7 |  7.4
Throwing       | 1 2 3 5 6 7 |  7.4
Armour         | 1 2 3 5 6 7 |  7.4
Unarmed Combat | 1 2 3 5 6 7 |  7.4
Evocations     | 1 2 3 5 6 7 |  7.4
Fighting       | 3 4 5 6 7 |  7.9
Dodging        | 3 4 5 6 7 |  7.9
Shields        | 3 4 5 6 7 |  7.9
Conjurations   | 1 2 3 4 5 6 |  6.1
Hexes          | 1 2 3 4 5 6 |  6.1
Necromancy     | 1 2 3 4 5 6 |  6.1
Transmutations | 1 2 3 4 5 6 |  6.1
Fire Magic     | 1 2 3 4 5 6 |  6.1
Ice Magic      | 1 2 3 4 5 6 |  6.1
Air Magic      | 1 2 3 4 5 6 |  6.1
Earth Magic    | 1 2 3 4 5 6 |  6.1
Poison Magic   | 1 2 3 4 5 6 |  6.1
Stealth        | 3 4 5 6 7 |  7.8
Translocations | 6 7 8 |  8.3

Action                   |  1- 3 |  4- 6 |  7- 9 | 10-12 || total
-------------------------+-------+-------+-------+-------++-------
Melee: Rapier            |   125 |    78 |       |       ||   203
       Bite              |     9 |    12 |    23 |    10 ||    54
       Dagger            |       |    42 |   223 |    74 ||   339
       Punch             |       |       |       |     1 ||     1
 Fire: Arbalest          |       |       |       |   265 ||   265
Throw: Dart              |     2 |       |     2 |       ||     4
 Cast: Summon Small Mamm |    13 |    10 |     4 |     4 ||    31
       Call Canine Famil |     2 |    10 |    14 |     8 ||    34
       Kindle Blastspark |       |       |    12 |     9 ||    21
Invok: Potion Petition   |       |       |       |     1 ||     1
Evoke: Wand              |       |       |       |     1 ||     1
  Use: Potion            |     4 |       |     3 |     8 ||    15
       Scroll            |       |       |    18 |     7 ||    25
 Stab: Sleeping          |     4 |     3 |     8 |       ||    15
       Distracted        |       |     1 |     2 |       ||     3
Armor: Robe              |    42 |     7 |       |       ||    49
       Skin              |     4 |       |       |       ||     4
       Leather armour    |       |     5 |    38 |    75 ||   118
Dodge: Dodged            |   108 |    57 |    94 |   191 ||   450
Block: Buckler           |    40 |    21 |    32 |    26 ||   119

Table legend: (Time is in decaauts)
 A = Elapsed time spent in this place.
 B = Non-inter-level travel time spent in this place.
 C = Inter-level travel time spent in this place.
 D = Time resting spent in this place.
 E = Time spent auto-exploring this place.
 F = Levels seen in this place.
 G = Mean time per level.
                   A        B        C        D        E       F      G
               +--------+--------+--------+--------+--------+-----+--------+
         Total |  12107 |  11710 |    397 |   1661 |   7150 |  15 |  807.1 |
       Dungeon |  11032 |  10643 |    389 |   1482 |   6770 |  12 |  919.3 |
        Temple |     10 |      2 |      8 |      0 |      0 |   1 |   10.0 |
       Ossuary |    286 |    286 |      0 |      3 |    183 |   1 |  286.0 |
      Gauntlet |    778 |    778 |      0 |    176 |    197 |   1 |  778.0 |
               +--------+--------+--------+--------+--------+-----+--------+

Top non-repeatable levels by time:
     D:8: 1423 daAuts
     D:4: 1205 daAuts
     D:7: 1183 daAuts
     D:9: 1105 daAuts
     D:1: 1020 daAuts
     D:6: 987 daAuts
    D:10: 953 daAuts
     D:2: 903 daAuts
    D:11: 868 daAuts
Gauntlet: 778 daAuts
     D:5: 770 daAuts
     D:3: 607 daAuts
 Ossuary: 286 daAuts
  Temple: 10 daAuts
    D:12: 4 daAuts
